[ AOE2 MATCH · #507281978 ]
UnrankedHuns vs Shu
Player's team · WIN
Rival team · LOSS
[ REPLAY ANALYSIS · EXTRACTED FROM THE RECORDED GAME ]
Feudal
10:09
Castle
—
Imperial
—
| APM avg | 77.0 |
| APM peak | 130 |
| eAPM avg | 37.0 |
| Villagers / military | 22 / 29 |
Focus
⚔️ 33.9% · 🌾 66.1%
Archer ×23 · Militia ×3 · Skirmisher ×3
Feudal
9:32
Castle
—
Imperial
—
| APM avg | 55.7 |
| APM peak | 80 |
| eAPM avg | 22.7 |
| Villagers / military | 40 / 50 |
Focus
⚔️ 39.9% · 🌾 60.1%
Archer ×50
Match map
Initial resources + every placement click. Lines = walls · curves = elevation contours. ◆ gold · ⬟ stone · ● berries · ✦ relic · ◌ wall gap
Your base· Open — unwalled flank
Noorda's base· Open — unwalled flank
Smoothed initial terrain · ◌ = detected wall gap · hover for details
Inputs per minute
— Pedro - - Noorda
Build order — Pedro
77 actions detected in the replay
| 0:00 | Create | Villager (Male) |
| 0:01 | Create | Villager (Male) |
| 0:01 | Create | Villager (Male) |
| 0:07 | Create | Villager (Male) |
| 1:16 | Create | Villager (Male) |
| 1:49 | Build | Lumber Camp |
| 2:09 | Create | Villager (Male) |
| 2:16 | Create | Villager (Male) |
| 2:50 | Create | Villager (Male) |
| 3:11 | Create | Villager (Male) |
| 3:55 | Create | Villager (Male) |
| 4:12 | Create | Villager (Male) |
| 4:16 | Create | Villager (Male) |
| 4:27 | Create | Villager (Male) |
| 4:51 | Build | Barracks |
| 5:16 | Create | Villager (Male) |
| 5:22 | Create | Villager (Male) |
| 5:48 | Create | Militia |
| 5:57 | Create | Villager (Male) |
| 6:00 | Create | Villager (Male) |
| 6:08 | Create | Militia |
| 6:09 | Create | Militia |
| 6:15 | Build | Mill |
| 6:47 | Research | Loom |
| 7:59 | Research | Feudal Age |
| 8:16 | Build | Lumber Camp |
| 8:56 | Create | Villager (Male) |
| 9:00 | Create | Villager (Male) |
| 9:25 | Build | Mining Camp |
| 9:27 | Create | Villager (Male) |
| 10:09 | Age | Feudal Age |
| 10:10 | Build | Archery Range |
| 10:25 | Research | Man-at-Arms (upgrade) |
| 10:27 | Research | Double-Bit Axe |
| 10:38 | Build | Watch Tower |
| 11:00 | Build | Archery Range |
| 11:36 | Create | Archer |
| 11:36 | Create | Archer |
| 11:38 | Create | Villager (Male) |
| 12:08 | Create | Skirmisher |
| 12:55 | Build | Palisade Gate |
| 12:57 | Create | Archer |
| 12:58 | Create | Archer |
| 12:59 | Build | Palisade Wall |
| 13:10 | Create | Skirmisher |
| 13:19 | Build | Palisade Gate |
| 13:34 | Create | Skirmisher |
| 13:43 | Create | Archer |
| 13:43 | Create | Archer |
| 14:17 | Build | Palisade Gate |
| 14:29 | Create | Archer |
| 14:30 | Create | Archer |
| 14:30 | Create | Archer |
| 16:09 | Create | Archer |
| 16:10 | Create | Archer |
| 16:10 | Create | Archer |
| 16:26 | Build | Palisade Gate |
| 16:33 | Create | Archer |
| 17:07 | Build | Farm |
| 17:21 | Build | Market |
| 17:30 | Create | Archer |
| 17:31 | Create | Archer |
| 18:09 | Build | Blacksmith |
| 18:16 | Build | Palisade Wall |
| 18:29 | Build | Palisade Wall |
| 18:41 | Create | Villager (Male) |
| 18:54 | Build | Palisade Wall |
| 19:02 | Research | Fletching |
| 19:02 | Research | Fletching |
| 19:18 | Create | Archer |
| 19:18 | Create | Archer |
| 19:18 | Create | Archer |
| 19:43 | Create | Archer |
| 19:43 | Create | Archer |
| 19:53 | Create | Archer |
| 20:00 | Create | Archer |
| 20:21 | Create | Archer |
Build order — Noorda
107 actions detected in the replay
| 0:00 | Create | Villager (Male) |
| 0:01 | Create | Villager (Male) |
| 0:02 | Build | House |
| 0:03 | Build | House |
| 0:11 | Create | Villager (Male) |
| 0:11 | Create | Villager (Male) |
| 1:28 | Create | Villager (Male) |
| 1:28 | Create | Villager (Male) |
| 1:51 | Build | Lumber Camp |
| 2:03 | Create | Villager (Male) |
| 2:17 | Create | Villager (Male) |
| 2:17 | Create | Villager (Male) |
| 2:48 | Create | Villager (Male) |
| 2:48 | Create | Villager (Male) |
| 3:15 | Create | Villager (Male) |
| 3:15 | Create | Villager (Male) |
| 3:27 | Build | House |
| 3:48 | Create | Villager (Male) |
| 3:49 | Create | Villager (Male) |
| 3:49 | Create | Villager (Male) |
| 3:58 | Build | House |
| 4:47 | Create | Villager (Male) |
| 4:47 | Create | Villager (Male) |
| 4:47 | Create | Villager (Male) |
| 5:48 | Create | Villager (Male) |
| 5:48 | Create | Villager (Male) |
| 5:48 | Create | Villager (Male) |
| 5:54 | Create | Villager (Male) |
| 6:00 | Research | Loom |
| 6:08 | Build | Mining Camp |
| 7:22 | Research | Feudal Age |
| 7:22 | Research | Feudal Age |
| 7:47 | Build | Barracks |
| 7:57 | Build | House |
| 8:02 | Build | Palisade Wall |
| 8:04 | Build | House |
| 8:06 | Build | Palisade Wall |
| 8:12 | Build | Palisade Wall |
| 8:16 | Create | Villager (Male) |
| 8:47 | Build | Palisade Wall |
| 9:04 | Create | Villager (Male) |
| 9:32 | Age | Feudal Age |
| 9:43 | Build | Archery Range |
| 9:49 | Build | Watch Tower |
| 10:05 | Build | House |
| 10:17 | Create | Villager (Male) |
| 10:27 | Build | Palisade Gate |
| 10:32 | Create | Archer |
| 10:33 | Create | Archer |
| 11:02 | Create | Villager (Male) |
| 11:03 | Create | Villager (Male) |
| 11:03 | Create | Villager (Male) |
| 11:04 | Create | Villager (Male) |
| 11:17 | Build | Blacksmith |
| 11:46 | Research | Fletching |
| 11:46 | Research | Fletching |
| 11:48 | Build | House |
| 12:26 | Create | Archer |
| 12:26 | Create | Archer |
| 12:32 | Build | House |
| 13:02 | Create | Archer |
| 13:02 | Create | Archer |
| 13:03 | Create | Villager (Male) |
| 13:03 | Create | Villager (Male) |
| 13:35 | Build | Lumber Camp |
| 13:38 | Create | Archer ×2 |
| 13:38 | Create | Archer ×2 |
| 14:10 | Create | Archer |
| 14:11 | Create | Archer |
| 14:39 | Create | Archer |
| 14:39 | Create | Archer |
| 15:20 | Create | Archer |
| 15:20 | Create | Archer |
| 15:42 | Create | Archer |
| 15:45 | Build | Archery Range |
| 15:55 | Build | Palisade Wall |
| 15:57 | Build | Palisade Wall |
| 15:59 | Build | Palisade Wall |
| 16:00 | Create | Villager (Male) |
| 16:26 | Create | Archer ×2 |
| 16:27 | Create | Archer ×3 |
| 16:55 | Create | Villager (Male) |
| 16:55 | Create | Villager (Male) |
| 17:04 | Build | Mill |
| 17:12 | Create | Archer |
| 17:13 | Create | Archer |
| 17:13 | Create | Archer |
| 17:16 | Create | Archer ×2 |
| 17:16 | Create | Archer ×2 |
| 17:38 | Create | Villager (Male) |
| 17:49 | Create | Archer |
| 17:49 | Create | Archer |
| 17:49 | Create | Archer |
| 17:49 | Create | Archer |
| 18:42 | Build | Archery Range |
| 18:43 | Create | Archer ×3 |
| 18:43 | Create | Archer ×3 |
| 18:49 | Build | House |
| 18:50 | Create | Archer ×3 |
| 18:51 | Create | Archer ×3 |
| 18:53 | Create | Villager (Male) ×2 |
| 18:53 | Create | Villager (Male) ×2 |
| 19:39 | Create | Archer |
| 19:39 | Create | Archer |
| 19:40 | Create | Archer |
| 20:18 | Create | Archer |
| 20:18 | Create | Archer |
Match timeline
| 4:51 | Pedro · first_building Barracks |
| 7:47 | Noorda · first_building Barracks |
| 8:02 | Noorda · wall_segment Palisade Wall x1 |
| 8:06 | Noorda · wall_segment Palisade Wall x1 |
| 8:12 | Noorda · wall_segment Palisade Wall x1 |
| 8:47 | Noorda · wall_segment Palisade Wall x1 |
| 9:32 | Noorda · age_up feudal |
| 9:43 | Noorda · first_building Archery Range |
| 10:09 | Pedro · age_up feudal |
| 10:10 | Pedro · first_building Archery Range |
| 12:59 | Pedro · wall_segment Palisade Wall x4 |
| 15:55 | Noorda · wall_segment Palisade Wall x1 |
| 15:57 | Noorda · wall_segment Palisade Wall x1 |
| 15:59 | Noorda · wall_segment Palisade Wall x1 |
| 18:16 | Pedro · wall_segment Palisade Wall x1 |
| 18:29 | Pedro · wall_segment Palisade Wall x1 |
| 18:39 | Pedro · first_market_sell 100 wood |
| 18:40 | Pedro · first_market_buy 100 food |
| 18:54 | Pedro · wall_segment Palisade Wall x1 |
| 20:29 | Noorda · resign |
[ AI ANALYSIS · 1 CREDIT ]
What really happened in this match?
Wolo.gg analyzes every decision: build order, eco, micro, common mistakes by bracket. Personalized analysis on WhatsApp or Discord in 30 seconds.
Civ guide
Huns
Perfil
Pedro